 Dungeon Crawl Stone Soup version 0.27-a0-1149-g4505690ab0 (webtiles) character file.

Game seed: 17426088850834846908

59 snetch the Firebug (level 3, -9/19 HPs)
             Began as a Deep Elf Fire Elementalist on May 13, 2021.
             Was a Believer of Wu Jian.
             Mangled by Sigmund
             ... wielding a +0 scythe
              (14 damage)
             ... on level 2 of the Dungeon.
             The game lasted 00:08:26 (1953 turns).

snetch the Firebug (Deep Elf Fire Elementalist)     Turns: 1953, Time: 00:08:27

Health: -9/19      AC:  2    Str:  5    XL:     3   Next: 78%
Magic:  4/10       EV: 13    Int: 20    God:    Wu Jian [**....]
Gold:   67         SH:  0    Dex: 15    Spells: 8/9 levels left

rFire    . . .     SeeInvis .   a - +0 dagger
rCold    . . .     Faith    .   (no shield)
rNeg     . . .     Spirit   .   e - +0 robe
rPois    .         Reflect  .   (no helmet)
rElec    .         Harm     .   (no cloak)
rCorr    .         Rampage  .   (no gloves)
Will     .....                  (no boots)
Stlth    ++........             (no amulet)
HPRegen  0.06/turn              (no ring)
MPRegen  0.12/turn              (no ring)

@: no status effects
A: no striking features
a: Renounce Religion, Wall Jump


You were on level 2 of the Dungeon.
You worshipped Wu Jian.
Wu Jian was pleased with you.
You visited 1 branch of the dungeon, and saw 3 of its levels.

You collected 67 gold pieces.

Inventory:

Hand Weapons
 a - a +0 dagger (weapon)
 c - a +0 mace of holy wrath
Missiles
 g - 47 stones
 m - 20 arrows
Armour
 d - a +0 plate armour
 e - a +0 robe (worn)
 l - a +0 ring mail
Scrolls
 b - a scroll of holy word {unknown}
 f - a scroll of teleportation {unknown}
 k - a scroll of blinking {unknown}
 p - a scroll of fear {unknown}
Potions
 h - a potion of heal wounds {unknown}
 i - 2 potions of curing {unknown}
 j - a potion of ambrosia {unknown}
 n - a potion of degeneration {unknown}
 o - a potion of brilliance {unknown}


   Skills:
 + Level 3.0 Dodging
 + Level 2.8 Stealth
 + Level 3.8 Spellcasting
 + Level 1.9 Conjurations
 + Level 4.0 Fire Magic


You had 8 spell levels left.
You knew the following spells:

 Your Spells              Type           Power      Damage    Failure   Level
a - Foxfire               Conj/Fire      60%        2x1d7     3%          1

Your spell library contained the following spells:

 Spells                   Type           Power      Damage    Failure   Level
 Conjure Flame            Conj/Fire      15%        6-21      12%         3
 Animate Skeleton         Necr           6%         N/A       13%         1
 Pain                     Necr           12%        1d4       13%         1
 Inner Flame              Hex/Fire       11%        N/A       17%         3
 Vampiric Draining        Necr           1%         2d6       36%         3
 Sticky Flame             Conj/Fire      15%        2d4       36%         4
 Fireball                 Conj/Fire      7%         3d5       71%         5
 Animate Dead             Necr           1%         N/A       78%         4
 Agony                    Necr           3%         N/A       98%         5


Dungeon Overview and Level Annotations

Branches:
Dungeon (3/15)

Altars:
Wu Jian

Annotations:
D:2 Sigmund


Message History

Your foxfire dissipates! x2
Magic restored.
HP restored.
You see here a jackal skeleton.
Sigmund shouts!
Sigmund is nearby!
You conjure some foxfire!
You conjure some foxfire!
The foxfire hits Sigmund.
Sigmund is lightly wounded.
You conjure some foxfire!
The foxfire hits Sigmund.
Sigmund is lightly wounded.
The foxfire hits Sigmund.
Sigmund is moderately wounded.
Sigmund misses you.
You conjure some foxfire!
The foxfire hits Sigmund.
Sigmund is moderately wounded.
The foxfire hits Sigmund.
Sigmund is moderately wounded.
Sigmund barely misses you.
Unknown command.
Press: ? - help, v - describe, . - travel
Here: Sigmund, wielding a +0 scythe and wearing a +0 robe (moderately wounded, ally target)
The floor.
You conjure some foxfire!
The foxfire hits Sigmund!
Sigmund is severely wounded.
The foxfire hits Sigmund!
Sigmund is almost dead.
Sigmund hits you from afar with a +0 scythe!
Ouch! That really hurt!
* * * LOW HITPOINT WARNING * * *
Unknown command.
You are too injured to fight recklessly!
Casting: Foxfire (safe; 3% risk of failure)
Press: ? - help, Q - select action, (/) - cycle Dir - look around, f - activate You conjure some foxfire!
The foxfire hits Sigmund.
Sigmund is almost dead.
Sigmund hits you from afar with a +0 scythe!
Ouch! That really hurt!
You die...

.....## #.#
#....###
......####.###..†.#
...............####
......####.###.#..#
.........#.# #.#..#
...##+##.#.###.÷..#
.........#.....÷..#
.........#.#####vv#
.........#.. #@§#
.........+......vv#
###...##.#....@.###
..'......##.....
###......##....#
.....#.........
.....#.........
.....# ........
.##### #.. #


You could see Sigmund (ally target).

Vanquished Creatures
  A worm (D:2)
  3 ball pythons
  A bat (D:1)
  6 endoplasms
  2 giant cockroaches
  5 hobgoblins
  16 jackals
  A quokka (D:3)
  A frilled lizard (D:1)
  4 goblins
  3 kobolds
  2 rats
45 creatures vanquished.

Vanquished Creatures (collateral kills)
  A foxfire (D:2)
1 creature vanquished.

Vanquished Creatures (others)
  132 foxfires
132 creatures vanquished.

Grand Total: 178 creatures vanquished

Notes
Turn   | Place    | Note
-------+----------+-------------------------------------------
     0 | D:1      | snetch the Deep Elf Fire Elementalist began the quest for
                  | the Orb.
     0 | D:1      | Reached XP level 1. HP: 10/10 MP: 6/6
   129 | D:1      | Reached XP level 2. HP: 15/15 MP: 0/8
   592 | D:1      | Found a faded altar of an unknown god.
   643 | D:1      | Became a worshipper of the Wu Jian Council
   643 | D:1      | Reached * piety under Wu Jian
   986 | D:1      | Reached XP level 3. HP: 19/19 MP: 6/10
  1325 | D:2      | Reached ** piety under Wu Jian
  1663 | D:2      | Noticed Sigmund
  1701 | D:2      | Reached skill level 4 in Fire Magic
  1953 | D:2      | Mangled by Sigmund

Illustrated notes

Levels and vault maps discovered:
D:1:      dpeg_arrival_court, layout_basic, hellmonk_ecumenical_altar_lost_god,
          minmay_fountain_box
D:2:      layout_basic, uniq_crazy_yiuf_cottage, uniq_sigmund, uniq_natasha
D:3:      layout_basic, lemuel_tele_altar

Skill      XL: |  1  2  3 |
---------------+----------+-----
Dodging        | 3 |  3.0
Fire Magic     | 4 |  4.0
Stealth        | |  2.8
Spellcasting   | |  3.8
Conjurations   | |  1.9

Action                   || total
-------------------------++-------
Melee: Dagger            ||    19
 Cast: Foxfire           ||    76
Invok: Whirlwind         ||    11
 Abil: Wall Jump         ||     1
 Stab: Sleeping          ||     1
Armor: Robe              ||    12
Dodge: Dodged            ||    47

Table legend: (Time is in decaauts)
 A = Elapsed time spent in this place.
 B = Non-inter-level travel time spent in this place.
 C = Inter-level travel time spent in this place.
 D = Time resting spent in this place.
 E = Time spent auto-exploring this place.
 F = Levels seen in this place.
 G = Mean time per level.
                   A        B        C        D        E       F      G
               +--------+--------+--------+--------+--------+-----+--------+
         Total |   1957 |   1881 |     76 |      0 |   1435 |   3 |  652.3 |
       Dungeon |   1957 |   1881 |     76 |      0 |   1435 |   3 |  652.3 |
               +--------+--------+--------+--------+--------+-----+--------+

Top non-repeatable levels by time:
     D:1: 1341 daAuts
     D:2: 608 daAuts
     D:3: 7 daAuts
